cohdb
Replays
Latest Replays
All Replays
Popular Replays
Top Player Replays
Match Explorer
How It Works
Community
CoH3 Stats
Reddit
Sign in to upload your games and track your stats! →
Sign in with Steam
Match 41870296
Unlisted
Match 41870296
Overview
Messages
Build Orders
End
Construct Barracks
Selects Heavy Weapons
Scout Squad
Construct Weapon Support Center
Scout Squad
M1919 Machine Gun Team
M1919 Machine Gun Team
Bazooka Squad
Infantry Support Center
Construct Medical Station
Selects M2HB .50cal Heavy Machine Gun
M3 Armored Personnel Carrier
Selects Assault Carriers
Engineer Squad
M3 Assault Carrier
Selects Halftrack Strongpoints
M3 Assault Carrier
Sniper
M1919 Machine Gun Team
.30 cal Machine Gun
Construct Tank Depot
Selects Towed M5 3-inch Anti-tank Gun
Towed M5 3-inch Anti-tank Gun
M4A1 Sherman Medium Tank
M4A1 Sherman Medium Tank
M3 Assault Carrier
Selects Rapid Reposition
M18 Hellcat Tank Destroyer
Selects Bolstered Team Weapons
M4A1 Sherman Medium Tank
Survival Training
Demolitions Package
سَۨفُـيٰانۨوٰس
mohamedkerdaoui
Damokles ツ
DieWölfe
0
0
Comments
sign in to comment!
No comments posted yet!